 Dungeon Crawl Stone Soup version 0.29-a0-82-g837932c90e (webtiles) character file.

Game seed: 15839029432106773389

1 enile the Covered (level 1, -3/14 HPs)
             Began as a Demonspawn Wanderer on Feb 4, 2022.
             Frozen to death by an endoplasm (5 damage)
             ... on level 1 of the Dungeon.
             The game lasted 00:00:40 (172 turns).

enile the Covered (Demonspawn Wanderer)              Turns: 172, Time: 00:00:41

Health: -3/14      AC:  8    Str: 11    XL:     1   Next: 16%
Magic:  0/2        EV:  5    Int: 14    God:
Gold:   0          SH:  0    Dex: 12    Spells: 1/2 levels left

rFire   . . .      SeeInvis .   a - +0 dagger
rCold   . . .      Faith    .   (no shield)
rNeg    . . .      Spirit   .   c - +0 chain mail
rPois   .          Reflect  .   (no helmet)
rElec   .          Harm     .   (no cloak)
rCorr   .          Rampage  .   (no gloves)
Will    .....                   (no boots)
Stlth   ..........              (no amulet)
HPRegen 0.04/turn               (no ring)
MPRegen 0.08/turn               (no ring)

@: very slightly contaminated
A: no striking features
a: no special abilities


You were on level 1 of the Dungeon.
You visited 1 branch of the dungeon, and saw 1 of its levels.

Inventory:

Hand Weapons
 a - a +0 dagger (weapon)
Armour
 c - a +0 chain mail (worn)
Potions
 b - a potion of attraction


   Skills:
 + Level 0.4 Fighting
 - Level 2.6 Armour
 - Level 1.7 Stealth
 - Level 1.0 Spellcasting
 - Level 1.0 Summonings
 - Level 2.4 Invocations
 - Level 1.0 Evocations


You had one spell level left.
You knew the following spells:

 Your Spells              Type           Power      Damage    Failure   Level
a - Summon Small Mammal   Summ           12%        N/A       100%        1

Your spell library contained the following spells:

 Spells                   Type           Power      Damage    Failure   Level
 Summon Guardian Golem    Hex/Summ       2%         N/A       100%        3


Dungeon Overview and Level Annotations

Branches:
Dungeon (1/15)

Altars:


Message History

Nothing appears to happen.
Casting: Summon Small Mammal (safe; 100% risk of failure)
Confirm with . or Enter, or press ? or * to list all spells.
You miscast Summon Small Mammal.
Nothing appears to happen.
Casting: Summon Small Mammal (safe; 100% risk of failure)
Confirm with . or Enter, or press ? or * to list all spells.
You don't have enough magic to cast this spell.
You hit the endoplasm but do no damage. The endoplasm barely misses you.
You hit the endoplasm but do no damage. The endoplasm freezes you.
You are frozen.
You are too injured to fight recklessly!
You hit the endoplasm.
The endoplasm is lightly wounded.
The endoplasm hits you but does no damage.
You hit the endoplasm but do no damage.
The endoplasm is lightly wounded.
The endoplasm freezes you.
You are frozen.
* * * LOW HITPOINT WARNING * * *
You hit the endoplasm.
The endoplasm is moderately wounded.
The endoplasm completely misses you.
Things that are here:
a +0 dagger; a +0 short sword; a goblin corpse
Casting: Summon Small Mammal (safe; 100% risk of failure)
Confirm with . or Enter, or press ? or * to list all spells.
You miscast Summon Small Mammal.
Nothing appears to happen.
The endoplasm freezes you.
You are frozen.
* * * LOW HITPOINT WARNING * * *
Okay, then.
The endoplasm freezes you.
You are frozen.
* * * LOW HITPOINT WARNING * * *
You hit the endoplasm.
The endoplasm is severely wounded.
The endoplasm freezes you.
You are frozen.
You die...

#.# #...# #.# #...#.#
#.# #.# #...#.# #.#
#.# #...#.###.# #.#
#...... #.# #.#
#.#.#.# #.# #.#
#.#.#.###.#####
#.######..............
#...J@.............#
###########..###...#
.......>..##.##
#############.##
#♣♣#♣.# #♣..♣.♣#
♣<...♣# #♣♣#♣.# .#


You could see an endoplasm.

Vanquished Creatures
  A goblin (D:1)
  A kobold (D:1)
2 creatures vanquished.

Notes
Turn   | Place    | Note
-------+----------+-------------------------------------------
     0 | D:1      | enile the Demonspawn Wanderer began the quest for the Orb.
     0 | D:1      | enile set off with the following items: a +0 dagger, a
                  | potion of attraction, a +0 chain mail; and the following
                  | spell memorised: Summon Small Mammal; and the following
                  | spells available to memorise: Summon Guardian Golem
     0 | D:1      | Reached XP level 1. HP: 13/13 MP: 2/2
   172 | D:1      | Frozen to death by an endoplasm

Illustrated notes

Levels and vault maps discovered:
D:1:      pf_arrival_petrified_forest, layout_basic

Action                   || total
-------------------------++-------
Melee: Dagger            ||    19
Armor: Chain mail        ||     7
Dodge: Dodged            ||     4

Table legend: (Time is in decaauts)
 A = Elapsed time spent in this place.
 B = Non-inter-level travel time spent in this place.
 C = Inter-level travel time spent in this place.
 D = Time resting spent in this place.
 E = Time spent auto-exploring this place.
 F = Levels seen in this place.
 G = Mean time per level.
                   A        B        C        D        E       F      G
               +--------+--------+--------+--------+--------+-----+--------+
         Total |    172 |    172 |      0 |      0 |    126 |   1 |  172.0 |
       Dungeon |    172 |    172 |      0 |      0 |    126 |   1 |  172.0 |
               +--------+--------+--------+--------+--------+-----+--------+

Top non-repeatable levels by time:
     D:1: 172 daAuts
